 Dungeon Crawl Stone Soup version 0.19.0-20-gbc5f0c6 (webtiles) character file.

9741 grisgris the Fighter (level 11, -4/73 HPs)
             Began as a Gargoyle Monk on Nov 16, 2016.
             Was a Priest of Makhleb.
             Slain by a seven-headed hydra (10 damage)
             ... on level 2 of the Lair of Beasts.
             The game lasted 00:29:37 (9971 turns).

grisgris the Fighter (Gargoyle Monk)                Turns: 9971, Time: 00:29:38

Health: -4/73      AC: 23    Str: 24    XL:     11   Next: 51%
Magic:  11/11      EV: 11    Int: 10    God:    Makhleb [***...]
Gold:   658        SH:  9    Dex: 12    Spells: 0 memorised, 10 levels left

rFire  . . .     SeeInvis .     O - +2 flail (protect)
rCold  + . .     Gourm    .     h - +0 scale mail
rNeg   + . .     Faith    .     j - +0 shield
rPois  ∞         Spirit   .     C - +1 helmet
rElec  +         Reflect  .     K - +0 cloak
rCorr  +         Harm     .     s - +0 pair of gloves
MR     .....                    r - +0 pair of boots
Stlth  +.........               (no amulet)
                                L - ring of resist corrosion
                                l - ring of protection from cold

@: mighty
A: negative energy resistance 1, electricity resistance, unbreathing,
petrification resistance, rot immunity, AC +7
a: Minor Destruction, Lesser Servant of Makhleb, Renounce Religion


You were on level 2 of the Lair of Beasts.
You worshipped Makhleb.
Makhleb was most pleased with you.
You were hungry.

You visited 3 branches of the dungeon, and saw 11 of its levels.

You collected 658 gold pieces.

Inventory:

Hand Weapons
 O - a +2 flail of protection (weapon)
Armour
 h - a +0 scale mail (worn)
 j - a +0 shield (worn)
 r - a +0 pair of boots (worn)
 s - a +0 pair of gloves (worn)
 C - a +1 helmet (worn)
 K - a +0 cloak (worn)
Jewellery
 l - a ring of protection from cold (left hand)
 I - an uncursed ring of positive energy
 L - a ring of resist corrosion (right hand)
Wands
 A - a wand of lightning (7/15)
 D - a wand of teleportation (0/9)
 G - a wand of teleportation (8/9)
 M - a wand of teleportation (3/9)
Scrolls
 k - a scroll of remove curse
 n - 3 scrolls of teleportation
 q - 3 scrolls of recharging
 u - 3 scrolls of blinking
Potions
 o - a potion of cancellation
 v - a potion of berserk rage
Comestibles
 a - a royal jelly
 b - a bread ration
 H - 6 fruits


   Skills:
 + Level 10.4 Fighting
 + Level 8.6 Maces & Flails
 + Level 10.3 Armour
 + Level 7.6 Dodging
 - Level 2.1 Stealth
 + Level 2.4 Shields


You had 10 spell levels left.
You didn't know any spells.

Dungeon Overview and Level Annotations

Branches:
Dungeon (8/15)             Temple (1/1) D:7            Lair (2/6) D:8
  Swamp: Lair:2-4    Shoals: Lair:2-4     Snake: Lair:2-4    Spider: Lair:2-4

Altars:
Ashenzari
Cheibriados
Dithmenos
Elyvilon
Gozag
Hepliaklqana
Makhleb
Nemelex Xobeh
Okawaru
Qazlal
Ru
Sif Muna
Trog
Uskayaw
Vehumet
Xom
Yredelemnul
Zin
The Shining One

Annotations:
Lair:2 Erica


Innate Abilities, Weirdness & Mutations

You are resistant to torment.
Your stone body is resilient. (AC +7)
You are immune to poison.
You resist negative energy. (rN+)
You are resistant to electric shocks. (rElec)
You can survive without breathing.
You are immune to petrification.
You are immune to rotting.


Message History

The seven-headed hydra bites you but does no damage.
The seven-headed hydra bites you!
* * * LOW HITPOINT WARNING * * *
The seven-headed hydra bites you but does no damage.
You're too confused to move!
The seven-headed hydra bites you but does no damage. x4
The seven-headed hydra barely misses you.
The seven-headed hydra bites you but does no damage. x2
Something hits you but does no damage.
You feel less invigorated.
You feel less confused.
The seven-headed hydra barely misses you.
The seven-headed hydra bites you.
* * * LOW HITPOINT WARNING * * *
You block the seven-headed hydra's attack.
The seven-headed hydra barely misses you.
The seven-headed hydra bites you!
* * * LOW HITPOINT WARNING * * *
The seven-headed hydra bites you!
You die...

....### ######.......##
..>...###P#..#......#.##
......................(###
....................P#...###
.................!/.P......##..
..##......................P.#...
....##........÷÷....P...........#
...###.##P......................#
...# #..P.......@D...............
...###.............<.............
..###...................P##......
... ##..####...............#.....
..##...P# #.#..................##
.......P# ######..........#.....
......## #...............P ......
#.....#..#.#.#.... ......
........#..#..#....P


You could see a seven-headed hydra.

Vanquished Creatures
  Harold (Lair:2)
  2 spiny frogs (Lair:1)
  A komodo dragon (Lair:1)
  A polar bear (Lair:2)
  A hippogriff (D:7)
  The ghost of aggelon the Sneak, an amateur OpAs of Elyvilon (D:4)
  7 blink frogs
  A spriggan (D:7)
  4 yaks
  A hungry ghost (D:7)
  A basilisk (Lair:1)
  A naga (Lair:2)
  Duvessa (D:4)
  4 porcupines
  8 water moccasins
  3 ice beasts
  A sky beast (D:7)
  2 black bears
  2 orc warriors
  5 centaurs
  An ogre (D:8)
  3 wolves (Lair:1)
  2 crocodiles
  A big kobold (D:7)
  6 bullfrogs
  Dowan (D:4)
  2 scorpions
  5 killer bees (D:8)
  2 howler monkeys
  3 crimson imps
  A bullfrog zombie (D:8)
  2 hounds
  3 bullfrog skeletons
  A jelly (D:6)
  A centaur skeleton (D:8)
  An orc priest (D:6)
  6 orc wizards
  Jessica (D:3)
  Ijyb (D:3)
  5 iguanas
  Natasha (thrice) (D:4)
  8 worker ants
  14 adders
  10 gnolls (D:4)
  4 shadow imps
  An ooze (D:2)
  2 adder skeletons
  A worm (D:4)
  2 dart slugs
  4 leopard geckos
  18 orcs
  6 giant cockroaches
  4 goblins
  8 hobgoblins
  22 kobolds
  7 quokkas
  A ball python (D:3)
  5 bats
  4 frilled lizards
  A jackal skeleton (D:7)
  7 rats
228 creatures vanquished.

Vanquished Creatures (others)
  A fungus (Lair:2)
1 creature vanquished.

Grand Total: 229 creatures vanquished

Notes
Turn   | Place    | Note
-------+----------+-------------------------------------------
     0 | D:1      | grisgris the Gargoyle Monk began the quest for the Orb.
     0 | D:1      | Reached XP level 1. HP: 14/14 MP: 1/1
   166 | D:1      | Reached XP level 2. HP: 19/19 MP: 2/2
   291 | D:1      | Reached XP level 3. HP: 20/23 MP: 3/3
  1050 | D:2      | Reached XP level 4. HP: 24/28 MP: 4/4
  1439 | D:3      | Found a faded altar of an unknown god.
  1518 | D:3      | Noticed Jessica
  1522 | D:3      | Noticed Ijyb
  1540 | D:3      | Killed Ijyb
  1540 | D:3      | Reached XP level 5. HP: 32/33 MP: 5/5
  1555 | D:3      | Killed Jessica
  1647 | D:3      | Reached skill level 5 in Maces & Flails
  1647 | D:3      | Reached skill level 1 in Armour
  1964 | D:4      | Noticed aggelon's ghost (amateur OpAs)
  2165 | D:4      | Killed aggelon's ghost
  2165 | D:4      | Reached XP level 6. HP: 32/39 MP: 6/6
  2261 | D:4      | Got a blackened war axe
  2262 | D:4      | Identified the cursed +0 war axe "Hellblazer" {freeze, Stlth+} (You found it on level 4 of the Dungeon)
  2377 | D:4      | Reached XP level 7. HP: 42/44 MP: 7/7
  2469 | D:4      | Noticed Natasha
  2480 | D:4      | Killed Natasha
  2520 | D:4      | Noticed Natasha
  2533 | D:5      | Entered Level 5 of the Dungeon
  2798 | D:4      | Killed Natasha
  2814 | D:4      | Noticed Natasha
  3040 | D:4      | Killed Natasha
  3165 | D:4      | Got an iridescent whip {drain}
  3454 | D:4      | Noticed Duvessa
  3455 | D:4      | Noticed Dowan
  3478 | D:4      | Killed Duvessa
  3478 | D:4      | Reached skill level 5 in Fighting
  3480 | D:4      | Killed Dowan
  3480 | D:4      | Reached XP level 8. HP: 38/49 MP: 8/8
  4080 | D:5      | Reached skill level 5 in Armour
  5174 | D:6      | Reached XP level 9. HP: 57/57 MP: 9/9
  5326 | D:6      | Reached skill level 5 in Dodging
  6450 | D:7      | Found a staircase to the Ecumenical Temple.
  6455 | Temple   | Entered the Ecumenical Temple
  6675 | Temple   | Became a worshipper of Makhleb the Destroyer
  6675 | Temple   | Reached * piety under Makhleb
  6675 | Temple   | Reached ** piety under Makhleb
  7054 | D:8      | Reached XP level 10. HP: 60/64 MP: 10/10
  7262 | D:8      | Found a staircase to the Lair.
  7325 | D:8      | Found a hazy altar of Hepliaklqana.
  7410 | D:8      | Found a bloodstained altar of Trog.
  8023 | D:8      | Identified the cursed +1 whip of Valiance {drain, rPois Stlth+} (You took it off a gnoll on level 4 of the Dungeon)
  8056 | Lair:1   | Entered Level 1 of the Lair of Beasts
  8056 | Lair:1   | Noticed a spiny frog
  8072 | Lair:1   | Killed a spiny frog
  8150 | Lair:1   | Reached *** piety under Makhleb
  8580 | Lair:1   | Reached skill level 10 in Fighting
  8653 | Lair:1   | Noticed a spiny frog
  8664 | Lair:1   | Killed a spiny frog
  8664 | Lair:1   | Reached XP level 11. HP: 72/72 MP: 11/11
  9238 | Lair:2   | Reached skill level 10 in Armour
  9284 | Lair:2   | Noticed Harold
  9319 | Lair:2   | Killed Harold
  9534 | Lair:2   | Reached skill level 1 in Shields
  9640 | Lair:2   | Noticed Erica
  9665 | Lair:2   | Noticed a seven-headed hydra
  9971 | Lair:2   | Slain by a seven-headed hydra

Skill      XL: |  1  2  3  4  5  6  7  8  9 10 11 |
---------------+----------------------------------+-----
Maces & Flails | 4 5 6 7 8 |  8.6
Dodging        | 3 4 6 7 |  7.6
Armour         | 2 4 6 8 9 10 | 10.3
Fighting       | 4 5 7 8 10 | 10.4
Shields        | 2 |  2.4
Stealth        | |  2.1

Action                   |  1- 3 |  4- 6 |  7- 9 | 10-12 || total
-------------------------+-------+-------+-------+-------++-------
Melee: Mace              |    49 |       |       |       ||    49
       Whip              |    73 |   193 |       |   360 ||   626
       War axe           |       |    24 |   489 |    94 ||   607
       Flail             |       |       |       |    58 ||    58
Invok: Minor Destruction |       |       |       |     1 ||     1
  Use: Scroll            |     6 |     2 |     6 |     9 ||    23
       Potion            |       |       |     5 |     9 ||    14
 Stab: Sleeping          |     2 |       |       |       ||     2
       Distracted        |     1 |       |     1 |       ||     2
  Eat: Chunk             |     1 |     4 |     8 |     1 ||    14
       Bread ration      |       |       |     2 |       ||     2
       Fruit             |       |       |     3 |     1 ||     4
       Pizza             |       |       |     1 |     1 ||     2
       Meat ration       |       |       |       |     1 ||     1
       Beef jerky        |       |       |       |     1 ||     1
Armor: Robe              |    19 |       |       |       ||    19
       Scale mail        |    30 |    80 |   304 |   305 ||   719
Dodge: Dodged            |    59 |    95 |   373 |   316 ||   843
Block: Shield            |       |       |       |   104 ||   104
